 Dungeon Crawl Stone Soup version 0.32-a0-705-g60f233581c (webtiles) character file.

Game seed: 8747322048325588178

143 Xpym the Digger (level 5, -2/38 HPs)
             Began as a Ghoul Earth Elementalist on Mar 14, 2024.
             Slain by Natasha (6 damage)
             ... on level 4 of the Dungeon.
             The game lasted 00:08:59 (3263 turns).

Xpym the Digger (Ghoul Earth Elementalist)          Turns: 3263, Time: 00:09:00

Health: -2/38      AC:  5    Str: 12    XL:     5   Next: 25%
Magic:  4/8        EV: 11    Int: 16    God:
Gold:   105        SH:  5    Dex:  9    Spells: 1/8 levels left

rFire   + . .        n - +2 hand axe (freeze)
rCold   + . .        (no shield)
rNeg    + + +        a - +0 robe
rPois   ∞            i - +0 helmet
rElec   .            p - +0 cloak
rCorr   +            g - +0 pair of gloves
SInv    .            (no boots)
Will    .....        l - amulet of reflection
Stlth   ++           F - ring of protection from fire
HPRegen 0.00/turn    R - ring of resist corrosion
MPRegen 0.11/turn

%: reflection
@: inhibited regen, slowed, very slow
A: claws 1, cold resistance 1, negative energy resistance 3, inhibited
regeneration, torment resistance 2, devour on kill
a: no special abilities


You were on level 4 of the Dungeon.
You visited 1 branch of the dungeon, and saw 4 of its levels.

You collected 105 gold pieces.


Innate Abilities, Weirdness & Mutations

You are immune to poison.
You have sharp fingernails.
Your flesh is cold resistant. (rC+)
You are immune to negative energy. (rN+++)
You do not regenerate when monsters are visible.
You are immune to unholy pain and torment.
You thrive by killing the living.


   Skills:
 - Level 1.7 Dodging
 - Level 2.1 Stealth
 - Level 2.0 Spellcasting
 + Level 2.8 Conjurations
 + Level 5.0 Earth Magic


You had one spell level left.
You knew the following spells:

 Your Spells              Type           Power      Damage    Failure   Level
a - Passwall              Erth           17%        N/A       8%          3
w - Stone Arrow           Conj/Erth      28%        3d8       13%         3
z - Sandblast             Erth           34%        2d9       2%          1

Your spell library contained the following spells:

 Spells                   Type           Power      Damage    Failure   Level
 Dazzling Flash           Conj/Hex       12%        N/A       34%         3
 Mephitic Cloud           Conj/Alch/Air  4%         N/A       38%         3
 Brom's Barrelling Bould  Conj/Erth      14%        2d4       38%         4
 Call Canine Familiar     Summ           1%         N/A       52%         3
 Fugue of the Fallen      Necr           1%         N/A       52%         3
 Ozocubu's Armour         Ice            1%         N/A       52%         3
 Sigil of Binding         Hex            1%         N/A       52%         3
 Petrify                  Alch/Erth      9%         N/A       58%         4
 Dimensional Bullseye     Hex/Tloc       0%         N/A       90%         4
 Manifold Assault         Tloc           1%         N/A       90%         4
 Curse of Agony           Necr           1%         N/A       99%         5
 Silence                  Hex/Air        0%         N/A       99%         5

Inventory:

Hand Weapons
 n - a +2 hand axe of freezing (weapon)
Armour
 a - a +0 robe (worn)
 g - a +0 pair of gloves (worn)
 i - a +0 helmet (worn)
 p - a +0 cloak (worn)
Jewellery
 l - an amulet of reflection (around neck)
 C - a ring of ice
 F - a ring of protection from fire (left hand)
 R - a ring of resist corrosion (right hand)
Scrolls
 c - a scroll of immolation {unknown}
 j - a scroll of revelation
 k - a scroll of silence {!r}
 o - a scroll of teleportation {unknown}
Potions
 b - a potion of magic
 d - a potion of heal wounds {@q2}
 f - 4 potions of curing {@q1}
 m - 2 potions of haste {@q3}

Dungeon Overview and Level Annotations

Branches:
Dungeon (4/15)
 Temple: D:4-7

Altars:
Dithmenos

Annotations:
D:4 Natasha

#########
#.......#
#.#####.#
#.# #.#
#.#
#<####
#.#
#....#
#5#
####.#
#@# #.#
#h# #.#
.......5#
#.#
.S...####
#.# .h..
#.# ...
#.# ..
#.# .


You could see Natasha and 2 cerulean imps.


Message History

Natasha claws you. The cerulean imp closely misses you.
You take 12 damage, and have 22/38 hp.
MASSIVE DAMAGE!!
You now have 5/8 mp.
Casting: Sandblast (safe; 2% risk of failure)
Confirm with . or Enter, or press ? or * to list all spells.
Aiming: Sandblast (safe; 2% risk of failure)
Press: ? - help, Shift-Dir - straight line, f/p - Natasha
Aim: Natasha (moderately wounded, 77% to hit)
The blast of sand misses Natasha.
Natasha mumbles some strange words.
You block the cerulean imp's attack. Natasha claws you.
The cerulean imp hits you from afar with a +2 spear.
* * * LOW HITPOINT WARNING * * *
You take 6 damage, and have 16/38 hp.
You now have 4/8 mp.
Casting: Sandblast (safe; 2% risk of failure)
Confirm with . or Enter, or press ? or * to list all spells.
Aiming: Sandblast (safe; 2% risk of failure)
Press: ? - help, Shift-Dir - straight line, f/p - Natasha
Aim: Natasha (moderately wounded, 77% to hit)
The blast of sand hits Natasha!
Natasha is almost dead.
Natasha claws you but does no damage.
The cerulean imp hits you but does no damage.
The cerulean imp hits you with a +4 spear.
* * * LOW HITPOINT WARNING * * *
Natasha claws you!
* * * LOW HITPOINT WARNING * * *
The cerulean imp hits you but does no damage.
You block the cerulean imp's attack. Natasha claws you.
You die...
Natasha curls up and begins to purr.

Skill      XL: |  1  2  3  4  5 |
---------------+----------------+-----
Conjurations   | 1 2 |  2.8
Spellcasting   | 2 |  2.0
Earth Magic    | 4 5 |  5.0
Dodging        | |  1.7
Stealth        | |  2.1

Action                     |  1- 3 |  4- 6 || total
---------------------------+-------+-------++-------
  Melee: Unarmed           |     1 |       ||     1
   Cast: Sandblast         |    51 |    41 ||    92
    Use: Scroll            |       |     5 ||     5
         Potion            |       |     1 ||     1
 Armour: Robe              |     4 |    19 ||    23
  Dodge: Dodged            |     2 |     4 ||     6
  Block: Other             |       |     2 ||     2

Levels and vault maps discovered:
D:1:      psy_arrival_terrarium, layout_loops_corners
D:2:      layout_loops_ring
D:3:      layout_basic, amcnicky_altar_gilded, basic_ecumenical_altar
D:4:      layout_loops_ring, nicolae_vehumet_altar_sigil,
          chequers_serial_rivers_room_a, uniq_natasha

Notes
Turn   | Place    | Note
-------+----------+-------------------------------------------
     0 | D:1      | Xpym the Ghoul Earth Elementalist began the quest for the
                  | Orb.
     0 | D:1      | Reached XP level 1. HP: 14/14 MP: 3/3
   115 | D:1      | Reached skill level 1 in Conjurations
   233 | D:1      | Reached XP level 2. HP: 20/20 MP: 2/4
   684 | D:1      | Reached skill level 2 in Spellcasting
   741 | D:1      | Reached XP level 3. HP: 26/26 MP: 4/6
   918 | D:1      | Reached skill level 4 in Earth Magic
  1395 | D:2      | Learned a level 3 spell: Passwall
  1423 | D:2      | Reached skill level 2 in Conjurations
  1532 | D:2      | Reached XP level 4. HP: 33/33 MP: 3/7
  1579 | D:2      | Learned a level 3 spell: Stone Arrow
  2284 | D:3      | Found a faded altar of an unknown god.
  2293 | D:3      | Found a shadowy altar of Dithmenos.
  2712 | D:3      | Reached XP level 5. HP: 37/38 MP: 2/8
  2934 | D:3      | Reached skill level 5 in Earth Magic
  3254 | D:4      | Noticed Natasha
  3263 | D:4      | Slain by Natasha

Vanquished Creatures
  An orc priest (D:3)
  4 adders
  3 dart slugs (D:1)
  A ribbon worm (D:2)
  7 orcs (D:3)
  2 ball pythons (D:1)
  6 endoplasms
  2 giant cockroaches
  4 goblins (D:1)
  5 hobgoblins
  2 jackals (D:1)
  6 kobolds
  3 quokkas
  4 bats
  6 frilled lizards
  7 rats
63 creatures vanquished.

Table legend: (Time is in decaauts)
 A = Elapsed time spent in this place.
 B = Non-inter-level travel time spent in this place.
 C = Inter-level travel time spent in this place.
 D = Time resting spent in this place.
 E = Time spent auto-exploring this place.
 F = Levels seen in this place.
 G = Mean time per level.
                   A        B        C        D        E       F      G
               +--------+--------+--------+--------+--------+-----+--------+
         Total |   3309 |   3111 |    198 |     12 |   2654 |   4 |  827.2 |
       Dungeon |   3309 |   3111 |    198 |     12 |   2654 |   4 |  827.2 |
               +--------+--------+--------+--------+--------+-----+--------+

Top non-repeatable levels by time:
     D:1: 1360 daAuts
     D:3: 1064 daAuts
     D:2: 832 daAuts
     D:4: 51 daAuts

Table legend:
 A = Non-vault XP
 B = Vault XP
 C = Vault XP percentage of total XP
 D = Non-vault monster count
 E = Vault monster count
 F = Vault count percentage of total count
                 A         B        C        D         E       F
            +---------+---------+-------+---------+---------+-------
      Total |     205 |       0 |   0.0 |      63 |       0 |   0.0
            +---------+---------+-------+---------+---------+-------
        D:1 |      56 |       0 |   0.0 |      31 |       0 |   0.0
        D:2 |      53 |       0 |   0.0 |      16 |       0 |   0.0
        D:3 |      96 |       0 |   0.0 |      16 |       0 |   0.0
            +---------+---------+-------+---------+---------+-------
